 Dungeon Crawl Stone Soup version 0.29-a0-819-g94b489e0ae (webtiles) character file.

Game seed: 17376240528104073784

211 scionoferis the Changer (level 5, -5/39 HPs)
             Began as an Octopode Transmuter on July 6, 2022.
             Slain by a black bear (10 damage)
             ... on level 3 of the Dungeon.
             The game lasted 00:20:08 (5376 turns).

scionoferis the Changer (Octopode Transmuter)       Turns: 5376, Time: 00:20:09

Health: -5/39      AC:  6    Str:  9    XL:     5   Next: 88%
Magic:  6/9        EV: 10    Int: 17    God:
Gold:   255        SH:  0    Dex: 13    Spells: 2/9 levels left

rFire   x . .      SeeInvis .     - Unarmed
rCold   + + +      Faith    .   (shield currently unavailable)
rNeg    . . .      Spirit   .   (helmet currently unavailable)
rPois   +          Reflect  .   (no amulet)
rElec   .          Harm     .   (no ring)
rCorr   .          Rampage  .   (no ring)
Will    .....                   (no ring)
Stlth   ++........              (no ring)
HPRegen 0.13/turn               (no ring)
MPRegen 0.11/turn               (no ring)
                                (no ring)
                                (no ring)

@: ice-form
A: freezing attack, boosted hp, almost no armour, amphibious, 8 rings, large,
(camouflage 1), (gelatinous body 1), (nimble swimmer 1), (tentacles)
a: End Transformation


You were on level 3 of the Dungeon.
You were a creature of crystalline ice.
You visited 1 branch of the dungeon, and saw 4 of its levels.

You collected 255 gold pieces.

Inventory:

Hand Weapons
 d - a +0 dagger (melded)
Missiles
 b - 4 poisoned darts (quivered)
 l - 18 stones
 t - 2 boomerangs
Wands
 q - a wand of paralysis (6)
Scrolls
 e - 2 scrolls of teleportation {unknown}
 g - 2 scrolls of identify {unknown}
 h - a scroll of enchant weapon {unknown}
 i - a scroll of poison {unknown}
 j - a scroll of vulnerability {unknown}
 p - 3 scrolls of fog {unknown}
 s - a scroll of enchant armour {unknown}
Potions
 a - a potion of lignification
 c - a potion of curing
 f - a potion of magic {unknown}
 k - a potion of resistance {unknown}
 m - 2 potions of brilliance {unknown}
 n - 2 potions of mutation {unknown}
 o - a potion of attraction {unknown}
 r - 2 potions of ambrosia


   Skills:
 - Level 1.0 Fighting
 - Level 2.5 Dodging
 - Level 2.1 Stealth
 - Level 3.0 Unarmed Combat
 + Level 2.9 Spellcasting
 * Level 4.0 Transmutations
 * Level 2.2 Ice Magic


You had 2 spell levels left.
You knew the following spells:

 Your Spells              Type           Power      Damage    Failure   Level
a - Beastly Appendage     Tmut           32%        N/A       3%          1
b - Wereblood             Tmut           16%        N/A       4%          2
c - Ice Form              Ice/Tmut       13%        N/A       43%         4

Your spell library contained the following spells:

 Spells                   Type           Power      Damage    Failure   Level
 Spider Form              Tmut/Pois      9%         N/A       22%         3


Dungeon Overview and Level Annotations

Branches:
Dungeon (4/15)
 Temple: D:4-7

Altars:

Shops:
D:3 =

Annotations:
D:4 3 runed translucent doors, Blork the orc, Grinder


Innate Abilities, Weirdness & Mutations

You are a creature of crystalline ice.
You have a powerful freezing melee attack.
Your maximum health is increased.
Your armour is entirely melded.
You are incapable of wielding weapons or throwing items.
You cannot wear most types of armour.
You are amphibious.
You can wear up to eight rings at the same time.
((Your skin changes colour to match your surroundings (Stealth+).))
((Your rubbery body absorbs attacks. (AC +1, EV +1)))
((You are camouflaged when in or above water. (Stealth+)))
((You have tentacles for arms and can constrict up to eight enemies at once.))


Message History

Your magical contamination has completely faded away.
You start resting.
Magic restored.
There is a stone staircase leading down here.
Casting: Ice Form (extremely dangerous; 43% risk of failure)
Confirm with . or Enter, or press ? or * to list all spells.
The spell is extremely dangerous to miscast (43% risk of failure)!
Continue anyway?
You turn into a creature of crystalline ice.
Your +0 dagger melds into your body.
You climb downwards.
Level annotation: 3 runed translucent doors, Blork the orc, Grinder An ogre comes into view.
It is wielding a +0 giant club.
The black bear bites you. The black bear barely misses you. x2
There is a stone staircase leading up here.
The black bear bites you. The black bear claws you.
The black bear closely misses you.
You climb upwards.
There is a stone staircase leading down here.
You barely miss the black bear. The black bear bites you.
The black bear claws you.
The black bear claws you but does no damage.
You hit the black bear. You freeze the black bear.
The black bear is moderately wounded.
The black bear bites you but does no damage.
The black bear claws you but does no damage. x2
You punch the black bear! You freeze the black bear.
The black bear is almost dead.
The black bear goes berserk!
You hit the black bear. You freeze the black bear.
The black bear is almost dead.
The black bear bites you! The black bear barely misses you.
The black bear claws you. The black bear bites you!
* * * LOW HITPOINT WARNING * * *
The black bear claws you.
* * * LOW HITPOINT WARNING * * *
The black bear barely misses you.
You barely miss the black bear.
The black bear is almost dead.
The black bear bites you!
You die...

#.#.##.#
#.#.......
#......#
#.##.....#
###.####
#.......## #.#
######.## ##.##
#.# ##...## #.#
#.#.#.# ##'##
##h..## ##...##
##Y#### ##.....#
#.##.## ##.......
#.#...####........
#........'........
#.#...####........
#.##.## ##.......
#.#### ##.....#
#<# ##...## #.#
##+##


You could see a black bear (berserk).

Vanquished Creatures
  A phantom (D:3)
  An orc wizard (D:3)
  2 adders (D:2)
  An ufetubus (D:4)
  2 dart slugs
  2 worms
  6 orcs (D:3)
  9 bats
  9 endoplasms
  3 giant cockroaches
  6 goblins
  10 hobgoblins
  3 jackals (D:3)
  A quokka (D:3)
  2 ball pythons
  2 frilled lizards
  5 kobolds
  5 rats
70 creatures vanquished.

Notes
Turn   | Place    | Note
-------+----------+-------------------------------------------
     0 | D:1      | scionoferis the Octopode Transmuter began the quest for the
                  | Orb.
     0 | D:1      | Reached XP level 1. HP: 13/13 MP: 3/3
   435 | D:1      | Reached XP level 2. HP: 18/18 MP: 3/5
   439 | D:1      | Learned a level 2 spell: Wereblood
   486 | D:1      | Reached skill level 1 in Stealth
   586 | D:1      | Found a faded altar of an unknown god.
  1071 | D:1      | Reached XP level 3. HP: 23/23 MP: 4/6
  2365 | D:2      | Reached skill level 3 in Transmutations
  2365 | D:2      | Reached XP level 4. HP: 17/28 MP: 5/7
  2591 | D:1      | Learned a level 4 spell: Ice Form
  3448 | D:3      | Found Muis's Jewellery Boutique.
  3804 | D:3      | Reached skill level 1 in Ice Magic
  4392 | D:4      | Found a runed translucent gate.
  4392 | D:4      | Found a runed translucent gate.
  4392 | D:4      | Found a runed translucent gate.
  4622 | D:4      | Noticed Blork the orc
  4628 | D:4      | Noticed Grinder
  4921 | D:3      | Reached XP level 5. HP: 7/33 MP: 5/9
  5188 | D:4      | Noticed a phantom
  5188 | D:4      | Noticed a black bear
  5220 | D:3      | Killed a phantom
  5221 | D:3      | Reached skill level 4 in Transmutations
  5369 | D:4      | Noticed an ogre
  5376 | D:3      | Slain by a black bear

Illustrated notes

Levels and vault maps discovered:
D:1:      lemuel_arrival_river_bridge, layout_loops_ring,
          dreamdust_ecumenical_altar_grove
D:2:      layout_basic
D:3:      layout_loops_corners, serial_shops, nicolae_shop_trees,
          chequers_serial_rivers_micro_e
D:4:      layout_cave_pools, mainiacjoe_overflow_boulevard,
          gammafunk_ghost_cemetery, serial_bayou_pond_b, minmay_vboxes,
          uniq_crazy_yiuf_cottage, uniq_blork_the_orc, uniq_grinder

Skill      XL: |  1  2  3  4  5 |
---------------+----------------+-----
Stealth        | 1 2 |  2.1
Transmutations | 3 4 |  4.0
Ice Magic      | 1 2 |  2.2
Fighting       | |  1.0
Dodging        | |  2.5
Unarmed Combat | |  3.0
Spellcasting   | |  2.9

Action                   |  1- 3 |  4- 6 || total
-------------------------+-------+-------++-------
Melee: Dagger            |    65 |   108 ||   173
       Whip              |     4 |       ||     4
       Constrict         |    20 |    25 ||    45
       Tentacles         |    15 |    23 ||    38
       Kick              |    13 |    25 ||    38
       Punch             |     3 |     2 ||     5
       Unarmed           |       |     5 ||     5
Throw: Dart              |       |     4 ||     4
 Cast: Beastly Appendage |    18 |    15 ||    33
       Wereblood         |       |     4 ||     4
       Ice Form          |       |     1 ||     1
Evoke: Wand              |       |     1 ||     1
  Use: Potion            |     1 |     3 ||     4
 Stab: Sleeping          |     6 |     4 ||    10
       Paralysed         |       |     3 ||     3
Armor: Skin              |     8 |    14 ||    22
Dodge: Dodged            |    44 |    66 ||   110

Table legend: (Time is in decaauts)
 A = Elapsed time spent in this place.
 B = Non-inter-level travel time spent in this place.
 C = Inter-level travel time spent in this place.
 D = Time resting spent in this place.
 E = Time spent auto-exploring this place.
 F = Levels seen in this place.
 G = Mean time per level.
                   A        B        C        D        E       F      G
               +--------+--------+--------+--------+--------+-----+--------+
         Total |   5365 |   4970 |    395 |   1540 |   2072 |   4 | 1341.2 |
       Dungeon |   5365 |   4970 |    395 |   1540 |   2072 |   4 | 1341.2 |
               +--------+--------+--------+--------+--------+-----+--------+

Top non-repeatable levels by time:
     D:3: 2280 daAuts
     D:1: 1706 daAuts
     D:2: 1304 daAuts
     D:4: 74 daAuts
